 Dungeon Crawl Stone Soup version 0.15-a0-717-ga3c592f (webtiles) character file.

3024 PolkaDot the Slicer (level 9, 0/58 HPs)
             Began as a Vampire Artificer on May 10, 2014.
             Was an Elder of Qazlal.
             Succumbed to a killer bee's poison
             ... on Level 7 of the Dungeon.
             The game lasted 00:26:39 (5371 turns).

PolkaDot the Slicer (Vampire Artificer)             Turns: 5371, Time: 00:26:39

HP   0/58        AC  5     Str 10      XL: 9   Next: 55%
MP  13/13        EV 11     Int 14      God: Qazlal [****..]
Gold 36          SH 10     Dex 17      Spells:  0 memorised,  8 levels left

rFire  + + .     SeeInvis +     A - +9,+6 short sword of the Doomed Warrior {flame, rF++ MR+}
rCold  + . .     Clarity  .     w - +0 troll leather armour
rNeg   . . .     Conserve .     (no shield)
rPois  .         rCorr    .     (no helmet)
rElec  .         rRot     .     (no cloak)
SustAb . .       Spirit   .     i - +0 pair of gloves
rMut   .         Warding  .     (no boots)
Gourm  .         Stasis   .     (no amulet)
MR     +....                    (no ring)
                                s - ring of protection from cold

@: repel missiles, regenerating very quickly, about to teleport, lethally
poisoned, very slightly contaminated, somewhat resistant to hostile
enchantments, fairly stealthy
A: bottle blood, fangs 3, see invisible, unbreathing
a: Bottle Blood, Upheaval, Elemental Force, Renounce Religion


You were on level 7 of the Dungeon.
You worshipped Qazlal.
Qazlal was greatly pleased with you.
You were almost alive.

You visited 1 branch of the dungeon, and saw 7 of its levels.
You also visited: Sewer.

You collected 196 gold pieces.
You spent 160 gold pieces at shops.

Inventory:

Hand weapons
 g - the +6,+6 dagger of Dismay {flame, rC+ rN+ Str+1}
   (You took it off an orc on level 4 of the Dungeon)

   It emits flame when wielded, causing extra injury to most foes and up to
   double damage against particularly susceptible opponents.
   It affects your strength (+1).
   It protects you from cold.
   It protects you from negative energy.
 A - the +9,+6 short sword of the Doomed Warrior (weapon) {flame, rF++ MR+}
   (You bought it in a shop on level 4 of the Dungeon)

   It emits flame when wielded, causing extra injury to most foes and up to
   double damage against particularly susceptible opponents.
   Big, fiery blades are also staple armaments of hydra-hunters.
   It greatly protects you from fire.
   It affects your resistance to hostile enchantments.
Missiles
 x - a throwing net (quivered)
Armour
 i - a +0 pair of gloves (worn)
 w - a +0 troll leather armour (worn)
Magical devices
 b - a wand of flame (24)
 c - a wand of enslavement (15)
 d - a wand of random effects (13)
 h - a wand of cold (4)
 p - a wand of slowing (0)
Scrolls
 f - 3 scrolls of recharging
 k - 2 scrolls of teleportation
 l - 4 scrolls of fog
 n - a scroll of amnesia
 y - 2 scrolls of random uselessness {unknown}
 B - a scroll of enchant weapon I {unknown}
 D - a scroll of remove curse
Jewellery
 m - an uncursed ring of teleportation
 s - a ring of protection from cold (left hand)
Potions
 a - a potion of lignification
 e - a potion of cure mutation {!q}
 j - a potion of brilliance
 q - 6 potions of blood {@w2}
 u - a potion of resistance {unknown}
 v - a potion of haste
 z - a potion of poison {unknown}
 C - a potion of magic


   Skills:
 - Level 0.8 Fighting
 * Level 11.7 Short Blades
 - Level 2.1 Dodging
 + Level 11.7 Stealth
 - Level 2.6 Evocations


You had 8 spell levels left.
You didn't know any spells.

Dungeon Overview and Level Annotations

Branches:
Dungeon (7/15)
 Temple: D:4-7

Altars:
Ashenzari
Fedhas
Makhleb
Nemelex Xobeh
Qazlal
Xom
Yredelemnul
Zin

Shops:
D:4 (


Innate Abilities, Weirdness & Mutations

Your natural rate of healing is extremely fast.
You can bottle blood from corpses.
You have razor-sharp teeth.*
You have supernaturally acute eyesight.
You can survive without breathing.*


Message History

The killer bee poisons you! You block the killer bee's attack.
Drink which item? (? for menu, Esc to quit)
Okay, then.
Read which item? (? for menu, Esc to quit)
Blink to where?
Press: ? - help, Dir - move target cursor
As you read the scroll of blinking, it crumbles to dust.
You are very lightly contaminated with residual magic.
* * * LOW HITPOINT WARNING * * *
You feel sick. You block the killer bee's attack.
Read which item? (? for menu, Esc to quit)
Blink to where?
Press: ? - help, Dir - move target cursor
As you read the scroll of blinking, it crumbles to dust.
* * * LOW HITPOINT WARNING * * *
You feel sick.
Read which item? (? for menu, Esc to quit)
As you read the scroll of teleportation, it crumbles to dust.
You feel strangely unstable.
You die...

#...y§##).........
#####.##y)§######
#....y.#%......#
#.#....)..##...#
###....y##.## .###
............. .
...$....#####
###..§.# #..@.#
#..§.# #....#
#....# #.....
#...... ..#+###
### ..


You could see 3 killer bees.

Vanquished Creatures
  A troll (D:6)
  Eustachio (D:5)
  4 ice beasts
  A black bear (D:6)
  5 ogres
  2 phantoms
  6 big kobolds
  Duvessa (D:4)
  2 centaurs
  2 giant frogs (D:6)
  2 killer bees (D:7)
  A crimson imp (D:6)
  A centaur zombie (D:5)
  Dowan (D:4)
  2 jellies (D:6)
  A hound (D:2)
  A black bear skeleton (D:7)
  4 orc wizards (D:6)
  4 worker ants
  An ogre skeleton (D:4)
  A green rat (Sewer)
  5 giant mites
  10 adders
  An inept feature mimic (D:4)
  9 worms
  A gnoll skeleton (D:4)
  7 oozes
  14 orcs
  14 bats
  A bat skeleton (D:4)
  14 hobgoblins
  7 jackals
  19 kobolds
  5 quokkas
  3 ball pythons
  5 giant cockroaches
  6 giant geckos
  6 giant newts
  11 goblins
  A goblin skeleton (D:4)
  A jackal skeleton (D:4)
  22 rats
  A rat skeleton (D:4)
  A rat zombie (D:6)
208 creatures vanquished.

Notes
Turn   | Place    | Note
--------------------------------------------------------------
     0 | D:1      | PolkaDot, the Vampire Artificer, began the quest for the Orb.
     0 | D:1      | Reached XP level 1. HP: 14/14 MP: 1/1
   237 | D:1      | Reached XP level 2. HP: 14/20 MP: 2/2
   625 | D:2      | Reached XP level 3. HP: 25/25 MP: 4/4
   693 | D:2      | Reached skill level 3 in Short Blades
   705 | D:2      | Found a basalt altar of Yredelemnul.
   868 | D:2      | Reached XP level 4. HP: 16/31 MP: 5/5
   877 | D:2      | Found a burning altar of Makhleb.
   978 | D:2      | Reached skill level 4 in Stealth
  1124 | D:3      | Found a blossoming altar of Fedhas.
  1592 | D:3      | Noticed an air elemental
  1594 | D:3      | Found a stormy altar of Qazlal.
  1596 | D:3      | Noticed a fire elemental
  1600 | D:3      | Noticed a water elemental
  1605 | D:3      | Became a worshipper of Qazlal Stormbringer
  1820 | D:4      | Noticed an ice beast
  1823 | D:4      | Noticed an ogre
  1875 | D:3      | Killed an ice beast
  1875 | D:3      | Reached skill level 5 in Short Blades
  1875 | D:3      | Reached skill level 5 in Stealth
  1875 | D:3      | Reached XP level 5. HP: 18/36 MP: 7/7
  1977 | D:4      | Killed an ogre
  1977 | D:4      | Reached XP level 6. HP: 42/42 MP: 8/8
  1978 | D:4      | Reached skill level 6 in Stealth
  1981 | D:4      | Noticed a phantom
  1984 | D:4      | Killed a phantom
  2012 | D:4      | Noticed an ogre
  2023 | D:4      | Killed an ogre
  2048 | D:4      | Noticed Dowan
  2051 | D:4      | Noticed Duvessa
  2052 | D:4      | Killed Dowan
  2052 | D:4      | Reached XP level 7. HP: 42/47 MP: 10/10
  2107 | D:4      | Killed Duvessa
  2107 | D:4      | Reached skill level 7 in Stealth
  2150 | D:4      | Found Strouj's Antique Weapon Boutique.
  2282 | D:4      | Acquired Qazlal's first power
  2338 | D:4      | Found a glowing drain.
  2339 | D:4      | the glowing drain was a mimic.
  2711 | D:4      | Got a slimy dagger
  2712 | D:4      | Identified the +6,+6 dagger of Dismay {flame, rC+ rN+ Str+1} (You took it off an orc on level 4 of the Dungeon)
  2834 | D:5      | Entered Level 5 of the Dungeon
  2967 | D:5      | Noticed Eustachio
  2975 | D:5      | Reached skill level 8 in Short Blades
  2991 | D:5      | Killed Eustachio
  2991 | D:5      | Reached XP level 8. HP: 10/53 MP: 11/11
  3139 | D:5      | Acquired Qazlal's second power
  3237 | D:5      | Reached skill level 9 in Short Blades
  3416 | D:5      | Found a shimmering altar of Xom.
  3492 | D:5      | Found a glowing drain.
  3496 | Sewer    | Entered a sewer
  3992 | Sewer    | Reached skill level 10 in Stealth
  4078 | Sewer    | Reached skill level 10 in Short Blades
  4435 | D:5      | Acquired Qazlal's third power
  4704 | D:4      | Bought a warped short sword for 160 gold pieces
  4705 | D:4      | Identified the +9,+6 short sword of the Doomed Warrior {flame, rF++ MR+} (You bought it in a shop on level 4 of the Dungeon)
  4753 | D:6      | Reached XP level 9. HP: 58/58 MP: 13/13
  4915 | D:6      | Found a shattered altar of Ashenzari.
  4915 | D:6      | Noticed a troll
  4929 | D:6      | Killed a troll
  4929 | D:6      | Reached skill level 11 in Short Blades
  5174 | D:6      | Found a sparkling altar of Nemelex Xobeh.
  5231 | D:6      | Acquired Qazlal's fourth power
  5298 | D:6      | Found a glowing silver altar of Zin.
  5370 | D:7      | HP: 1/58 [poisoned by a killer bee]
  5371 | D:7      | Succumbed to a killer bee's poison

Action                   |  1- 3 |  4- 6 |  7- 9 || total
-------------------------+-------+-------+-------++-------
Melee: Short sword       |    90 |   103 |   227 ||   420
       Dagger            |       |       |   333 ||   333
Invok: Upheaval          |       |       |     1 ||     1
 Abil: Bottle Blood      |       |       |    10 ||    10
Evoke: Wand              |       |       |     3 ||     3
  Use: Potion            |       |     4 |    12 ||    16
       Scroll            |       |       |    15 ||    15
 Stab: Sleeping          |     4 |     9 |     1 ||    14
       Invisible         |       |     3 |       ||     3
